 Dungeon Crawl Stone Soup version 0.27-a0-277-g024f7ef292 (webtiles) character file.

Game seed: 3421614973754738938

114 Borgoz the Ruffian (level 4, 0/38 HPs)
             Began as a Ghoul Gladiator on Feb 5, 2021.
             Slain by an adder (3 damage)
             ... on level 3 of the Dungeon.
             The game lasted 00:01:56 (2165 turns).

Borgoz the Ruffian (Ghoul Gladiator)                Turns: 2165, Time: 00:01:57

Health: 0/38       AC:  4    Str: 17    XL:     4   Next: 98%
Magic:  3/3        EV: 12    Int:  3    God:
Gold:   98         SH:  0    Dex: 11    Spells: 3/3 levels left

rFire    . . .     SeeInvis .     - Unarmed
rCold    + . .     Faith    .   (no shield)
rNeg     + + +     Spirit   .   a - +0 leather armour
rPois    ∞         Reflect  .   b - +0 helmet
rElec    .         Harm     .   (no cloak)
rCorr    .         Rampage  .   (no gloves)
Will     +....                  (no boots)
Stlth    +.........             (no amulet)
HPRegen  0.00/turn              h - ring of willpower
MPRegen  0.08/turn              (no ring)

@: no status effects
A: claws 1, cold resistance 1, negative energy resistance 3, inhibited
regeneration, torment resistance, unbreathing
a: no special abilities


You were on level 3 of the Dungeon.
You visited 1 branch of the dungeon, and saw 3 of its levels.

You collected 98 gold pieces.

Inventory:

Missiles
 c - 3 throwing nets (quivered)
Armour
 a - a +0 leather armour (worn)
 b - a +0 helmet (worn)
Jewellery
 h - a ring of willpower (left claw)
 l - an uncursed ring of magical power {unknown}
Scrolls
 d - a scroll of magic mapping
 i - a scroll of remove curse
 j - a scroll of teleportation {unknown}
 k - a scroll of fog {unknown}
 n - a scroll of amnesia {unknown}
Potions
 e - a potion of brilliance
 f - a potion of lignification {unknown}
 g - a potion of heal wounds
 m - 2 potions of curing
 p - 2 potions of ambrosia {unknown}


   Skills:
 + Level 3.3 Fighting
 - Level 1.7 Throwing
 + Level 1.7 Armour
 + Level 3.4 Dodging
 + Level 4.1 Unarmed Combat


You had 3 spell levels left.
You didn't know any spells.
Your spell library was empty.

Dungeon Overview and Level Annotations

Branches:
Dungeon (3/15)

Altars:
Makhleb
Wu Jian


Innate Abilities, Weirdness & Mutations

You thrive by killing the living.
You are immune to poison.
You have sharp fingernails.
Your flesh is cold resistant. (rC+)
You are immune to negative energy. (rN+++)
You do not regenerate when monsters are visible.
You are immune to unholy pain and torment.
You can survive without breathing.


Message History

The orc priest hits you from afar with a +0 trident.
The adder closely misses you.
You scratch the orc but do no damage. The adder misses you.
The orc barely misses you. Something hits you but does no damage.
The orc priest hits you from afar with a +0 trident.
You barely miss the adder. The adder bites you but does no damage.
Something hits you.
The orc priest mumbles some strange prayers to Beogh against you.
Beogh smites you!
* * * LOW HITPOINT WARNING * * *
You hear a shout!
The adder bites you.
* * * LOW HITPOINT WARNING * * *
You hear some strange, mumbled words.
A magic dart appears from out of thin air!
The magic dart hits you.
* * * LOW HITPOINT WARNING * * *
A kobold comes into view. It is wielding a +0 dagger.
The adder bites you.
You die...

...........'............
.........###.....#..#...
.........###.....##)#...
..................#.....
#####...................
..###........##........#
.......)...............#
#.....o......####...#...
......S@{...........#...
.......o............#...
....................+...
#.................. ###.
.........(..... .. #.
............... #....##
............... ..... #
.............K. ......##
.......


You could see an orc priest, an adder, an orc and a kobold.

Vanquished Creatures
  A hound (D:2)
  An adder (D:3)
  An ooze (D:1)
  3 worms (D:2)
  A dart slug (D:1)
  3 leopard geckos (D:1)
  2 giant cockroaches
  6 goblins
  8 hobgoblins
  4 jackals (D:3)
  7 kobolds
  A quokka (D:2)
  A ball python (D:1)
  8 bats
  7 frilled lizards
  5 rats
59 creatures vanquished.

Notes
Turn   | Place    | Note
-------+----------+-------------------------------------------
     0 | D:1      | Borgoz the Ghoul Gladiator began the quest for the Orb.
     0 | D:1      | Reached XP level 1. HP: 17/17 MP: 0/0
   138 | D:1      | Reached XP level 2. HP: 24/25 MP: 1/1
   296 | D:1      | Reached XP level 3. HP: 28/30 MP: 2/2
   338 | D:1      | Reached skill level 1 in Armour
   830 | D:2      | Found an ornate altar of the Wu Jian Council.
  1512 | D:2      | Reached XP level 4. HP: 38/38 MP: 3/3
  1727 | D:2      | Found a burning altar of Makhleb.
  1741 | D:2      | Reached skill level 4 in Unarmed Combat
  2165 | D:3      | Slain by an adder

Illustrated notes

Levels and vault maps discovered:
D:1:      scummos_arrival_simple_fountains, layout_loops_ring
D:2:      minmay_wonky_spiral, layout_rooms, nzn_wu_jian_contemplation,
          makhleb_heckhound_becter, nicolae_underground_beach
D:3:      layout_basic, cheibrodos_sewer_entry_drain

Skill      XL: |  1  2  3  4 |
---------------+-------------+-----
Dodging        | 3 |  3.4
Armour         | 1 |  1.7
Fighting       | 3 |  3.3
Unarmed Combat | 4 |  4.1
Throwing       | |  1.7

Action                   |  1- 3 |  4- 6 || total
-------------------------+-------+-------++-------
Melee: Unarmed           |   152 |    65 ||   217
       Punch             |     2 |     1 ||     3
  Use: Scroll            |       |     6 ||     6
Armor: Leather armour    |    44 |    17 ||    61
Dodge: Dodged            |    94 |    41 ||   135

Table legend: (Time is in decaauts)
 A = Elapsed time spent in this place.
 B = Non-inter-level travel time spent in this place.
 C = Inter-level travel time spent in this place.
 D = Time resting spent in this place.
 E = Time spent auto-exploring this place.
 F = Levels seen in this place.
 G = Mean time per level.
                   A        B        C        D        E       F      G
               +--------+--------+--------+--------+--------+-----+--------+
         Total |   2149 |   2115 |     34 |    291 |   1427 |   3 |  716.3 |
       Dungeon |   2149 |   2115 |     34 |    291 |   1427 |   3 |  716.3 |
               +--------+--------+--------+--------+--------+-----+--------+

Top non-repeatable levels by time:
     D:2: 1127 daAuts
     D:1: 742 daAuts
     D:3: 279 daAuts
